 Dungeon Crawl Stone Soup version 0.28.0-53-g5a82cb258f (webtiles) character file.

Game seed: 13925947907851841798

35 mcbry74 the Covered (level 3, 0/46 HPs)
             Began as a Gnoll Wanderer on July 20, 2022.
             Was a Follower of Qazlal.
             Slain by an orc
             ... wielding a +0 falchion
              (5 damage)
             ... on level 1 of the Dungeon.
             The game lasted 00:02:28 (684 turns).

mcbry74 the Covered (Gnoll Wanderer)                 Turns: 684, Time: 00:02:30

Health: 0/46       AC: 21    Str: 15    XL:     3   Next: 33%
Magic:  3/4        EV:  2    Int: 11    God:    Qazlal [*.....]
Gold:   44         SH:  2    Dex:  9    Spells: 3/3 levels left

rFire   . . .      SeeInvis .   a - +0 hand axe
rCold   . . .      Faith    .   (no shield)
rNeg    . . .      Spirit   .   (armour currently unavailable)
rPois   +          Reflect  .   (helmet currently unavailable)
rElec   .          Harm     .   (cloak currently unavailable)
rCorr   .          Rampage  .   (gloves currently unavailable)
Will    .....      NoTele   +   (boots currently unavailable)
Stlth   ++........              (no amulet)
HPRegen 0.15/turn               (no ring)
MPRegen 0.09/turn               (no ring)

@: tree-form
A: stationary, stasis, torment immunity, boosted hp, (fangs 1), strong nose,
distributed training
a: Renounce Religion


You were on level 1 of the Dungeon.
You worshipped Qazlal.
Qazlal was aware of your devotion.
You were a tree.
You visited 1 branch of the dungeon, and saw 2 of its levels.

You collected 44 gold pieces.

Inventory:

Hand Weapons
 a - a +0 hand axe (weapon)
 d - a +0 dagger
 f - a +1 falchion of electrocution
Missiles
 c - 14 poisoned darts (quivered)
Armour
 b - a +0 chain mail (melded)
Jewellery
 g - a +6 ring of dexterity
Scrolls
 e - a scroll of fear {unknown}
 j - 2 scrolls of teleportation {unknown}
Potions
 k - a potion of ambrosia {unknown}


   Skills:
 + Level 4.5 Fighting
 + Level 0.7 Short Blades
 + Level 0.7 Long Blades
 + Level 4.5 Axes
 + Level 0.7 Maces & Flails
 + Level 0.7 Polearms
 + Level 0.7 Staves
 + Level 0.7 Slings
 + Level 0.7 Bows
 + Level 0.7 Crossbows
 + Level 2.6 Throwing
 + Level 6.5 Armour
 + Level 0.7 Dodging
 + Level 2.3 Stealth
 + Level 0.7 Shields
 + Level 0.7 Unarmed Combat
 + Level 0.7 Spellcasting
 + Level 0.5 Conjurations
 + Level 0.5 Hexes
 + Level 0.5 Summonings
 + Level 0.5 Necromancy
 + Level 0.5 Translocations
 + Level 0.5 Transmutations
 + Level 0.5 Fire Magic
 + Level 0.5 Ice Magic
 + Level 0.5 Air Magic
 + Level 0.5 Earth Magic
 + Level 0.5 Poison Magic
 + Level 0.9 Invocations
 + Level 2.6 Evocations


You had 3 spell levels left.
You didn't know any spells.
Your spell library contained the following spells:

 Spells                   Type           Power      Damage    Failure   Level
 Sting                    Tmut/Pois      4%         1d3       26%         1
 Poisonous Vapours        Pois/Air       2%         N/A       38%         2
 Olgreb's Toxic Radiance  Pois           1%         N/A       95%         4


Dungeon Overview and Level Annotations

Branches:
Dungeon (2/15)

Altars:
Qazlal


Innate Abilities, Weirdness & Mutations

You are a tree.
Your roots penetrate the ground, keeping you stationary.
You cannot be teleported.
You are immune to unholy pain and torment.
Your maximum health is greatly increased.
Your equipment is partially melded.
((You have very sharp teeth.))
Your uncanny sense of smell can sniff out nearby items.
Your experience applies equally to all skills.


Message History

You have reached level 3!
Your experience leads to an increase in your attributes!
Increase (S)trength, (I)ntelligence, or (D)exterity?
You feel clever. x2
Unknown command.
You feel sick.
The adder bites you but does no damage. x2
There is a stone staircase leading up here.
You feel sick. The orc hits you with a +0 falchion. x2
* * * LOW HITPOINT WARNING * * *
The orc hits you with a +0 dagger.
* * * LOW HITPOINT WARNING * * *
The adder barely misses you.
You climb upwards.
You feel sick.
You are no longer poisoned.
There is a stone staircase leading down here.
It was a potion of flight.
You feel very buoyant.
You fly up into the air.
The adder is engulfed in freezing vapours.
The adder seems to slow down.
You kill the adder!
Qazlal accepts your kill. The orc barely misses you. x3
It was a potion of lignification.
You turn into a tree.
Your +0 chain mail melds into your body.
Your roots penetrate the ground.
The orc is engulfed in freezing vapours.
You kill the orc!
Qazlal accepts your kill. The orc barely misses you.
The orc hits you but does no damage.
You closely miss the orc.
The orc is lightly wounded.
You hit the orc. The orc hits you but does no damage. x2
You barely miss the orc.
The orc is lightly wounded.
You hit the orc.
You kill the orc!
Qazlal accepts your kill. The orc hits you with a +0 falchion.
You die...

..# #.# #.........# ..#
#.# #.#######.# ..#
#.######.# #.# ..#
#........# #.# ..#
#..####### #.###### ..#
#..########## #......#
..#
#...........#########.#
### ##.########°##...#
#.#
#####.##......†♣o...#
#.#
##.............)##...#
#.#
..........####..###.##
#.# ##.###.#### #..#
#.# #.# ##.# #.#
####..###.### #.#
##.###.####...........#
#.#######
.......#............#.#
#........
##.#####.##.##..#####.#
######### #.#
#.##.##..# #.#


You could see an orc.

Vanquished Creatures
  2 adders
  3 orcs
  A ball python (D:1)
  An endoplasm (D:2)
  A giant cockroach (D:1)
  A goblin (D:1)
  2 hobgoblins (D:1)
  2 kobolds (D:1)
  4 rats
17 creatures vanquished.

Vanquished Creatures (others)
  3 plants (D:1)
  4 withered plants (D:1)
7 creatures vanquished.

Grand Total: 24 creatures vanquished

Notes
Turn   | Place    | Note
-------+----------+-------------------------------------------
     0 | D:1      | mcbry74 the Gnoll Wanderer began the quest for the Orb.
     0 | D:1      | mcbry74 set off with the following items: a +0 hand axe, a
                  | +0 chain mail, 12 poisoned darts, a +0 dagger
     0 | D:1      | Reached XP level 1. HP: 20/20 MP: 1/1
   235 | D:1      | Reached XP level 2. HP: 26/26 MP: 2/2
   541 | D:1      | Found a faded altar of an unknown god.
   566 | D:1      | Prayed at the altar of an unknown god.
   566 | D:1      | Became a worshipper of Qazlal Stormbringer
   566 | D:1      | Reached * piety under Qazlal
   678 | D:2      | Reached XP level 3. HP: 14/31 MP: 3/3
   684 | D:1      | Slain by an orc

Illustrated notes

Levels and vault maps discovered:
D:1:      minmay_arrival_hallway, layout_loops_ring,
          shapermc_ecumenical_altar_flowoftime
D:2:      layout_basic, uniq_natasha

Action                   || total
-------------------------++-------
Melee: Hand axe          ||    50
       Punch             ||     2
       Bite              ||     2
Throw: Dart              ||     7
  Use: Potion            ||     2
Armor: Chain mail        ||    34
       Skin              ||     3
Dodge: Dodged            ||    28
